 Dungeon Crawl Stone Soup version 0.24-a0-521-g122614bf49 (webtiles) character file.

Game seed: 4062163085199542930

95 Paulus the Shield-Bearer (level 4, -6/37 HPs)
             Began as a Formicid Fighter on July 28, 2019.
             Killed from afar by an orc wizard (8 damage)
             ... with a puff of flame
             ... on level 3 of the Dungeon.
             The game lasted 00:04:33 (1497 turns).

Paulus the Shield-Bearer (Formicid Fighter)         Turns: 1497, Time: 00:04:33

Health: -6/37      AC: 10    Str: 22    XL:     4   Next: 95%
Magic:  4/4        EV:  6    Int:  7    God:
Gold:   165        SH:  9    Dex: 10    Spells: 3/3 levels left

rFire    . . .     SeeInvis +   a - +0 war axe
rCold    . . .     Gourm    +   c - +0 shield
rNeg     . . .     Faith    .   q - +0 chain mail
rPois    .         Spirit   .   (helmet unavailable)
rElec    .         Reflect  .   (no cloak)
rCorr    .         Harm     .   (no gloves)
MR       .....                  u - +0 pair of boots
Stlth    ..........             m - amulet of the gourmand
HPRegen  0.12/turn              (no ring)
MPRegen  0.09/turn              (no ring)

@: no status effects
A: permanent stasis, dig shafts and tunnels, four strong arms, antennae 3
a: Dig, Shaft Self


You were on level 3 of the Dungeon.
You were not hungry.

You visited 1 branch of the dungeon, and saw 3 of its levels.

You collected 165 gold pieces.

Inventory:

Hand Weapons
 a - a +0 war axe (weapon)
Missiles
 l - a throwing net (quivered)
Armour
 c - a +0 shield (worn)
 q - a +0 chain mail (worn)
 u - a +0 pair of boots (worn)
Jewellery
 i - an uncursed ring of protection from magic {unknown}
 m - an amulet of the gourmand (around neck)
 s - a cursed -2 ring of strength {unknown}
 v - an uncursed ring of protection from cold {unknown}
 w - a +3 ring of evasion {unknown}
Scrolls
 b - a scroll of identify
 e - a scroll of teleportation {unknown}
 j - 2 scrolls of remove curse {unknown}
 r - a scroll of magic mapping {unknown}
 t - a scroll of noise {unknown}
 x - a scroll of fog
 y - a scroll of enchant armour {unknown}
Potions
 d - a potion of might
 g - a potion of degeneration {unknown}
 h - a potion of flight {unknown}
 k - 2 potions of curing {unknown}
 n - 2 potions of cancellation {unknown}
 o - a potion of resistance {unknown}
 p - 2 potions of heal wounds {unknown}
 z - a potion of invisibility {unknown}
Comestibles
 f - 7 rations


   Skills:
 * Level 4.2 Fighting
 + Level 3.2 Axes
 + Level 3.7 Armour
 + Level 4.3 Shields


You had 3 spell levels left.
You didn't know any spells.
Your spell library was empty.

Dungeon Overview and Level Annotations

Branches:
Dungeon (3/15)

Altars:
Ashenzari
Cheibriados
Dithmenos
Gozag
Qazlal


Innate Abilities, Weirdness & Mutations

You cannot be hasted, slowed, berserked, paralysed or teleported.
You can dig through walls and to a lower floor.
Your four strong arms can wield two-handed weapons with a shield.
You have a pair of large antennae on your head. (SInv)


Message History

a +0 mace; a +0 ring mail; an orc corpse You closely miss the orc wizard.
The orc wizard is almost dead.
The orc wizard hits you but does no damage.
You barely miss the orc wizard.
The orc wizard is severely wounded.
You feel less confused.
The orc wizard mumbles some strange words.
The orc wizard flickers and vanishes for a moment.
Your shield and chain mail prevent you from hitting the orc wizard.
The orc wizard is severely wounded.
The orc wizard hits you but does no damage.
The orc wizard casts a spell at you. The magic dart hits you.
* * * LOW HITPOINT WARNING * * *
You closely miss the orc wizard.
The orc wizard is severely wounded.
The orc wizard points at you and mumbles some strange words.
The puff of flame hits you!
You die...

.......## #..
..##..#. #.. ..##..##
#.. #..... #.. #..###
##.. #..##. #...
#..##. #...###
#######.)##.
#..)@.####........###
##.#o....#†######....
# ##.##.....# #####
#.......##.....#
#.....#.#......#
#.....#.###.#...#
#.... #.. ..#...#
#.... ### ###...#
#... [#.#


You could see an orc wizard (invisible).

Vanquished Creatures
  An adder (D:3)
  An ooze (D:1)
  3 dart slugs
  2 leopard geckos (D:2)
  6 orcs (D:3)
  A ball python (D:1)
  6 bats
  4 giant cockroaches
  3 hobgoblins (D:1)
  10 jackals
  6 kobolds
  A quokka (D:2)
  3 frilled lizards
  10 goblins
  4 rats
61 creatures vanquished.

Notes
Turn   | Place    | Note
-------+----------+-------------------------------------------
     0 | D:1      | Paulus the Formicid Fighter began the quest for the Orb.
     0 | D:1      | Reached XP level 1. HP: 18/18 MP: 1/1
   133 | D:1      | Reached XP level 2. HP: 23/24 MP: 2/2
   302 | D:1      | Reached XP level 3. HP: 29/30 MP: 3/3
   881 | D:2      | Reached XP level 4. HP: 31/37 MP: 4/4
   995 | D:2      | Found a shadowy altar of Dithmenos.
  1222 | D:3      | Found a stormy altar of Qazlal.
  1223 | D:3      | Found a shattered altar of Ashenzari.
  1224 | D:3      | Found an opulent altar of Gozag.
  1241 | D:3      | Found a snail-covered altar of Cheibriados.
  1497 | D:3      | Killed from afar by an orc wizard

Levels and vault maps discovered:
D:1:      nicolae_arrival_washed_ashore, layout_loops_cross, minmay_pentomino_z4
D:2:      layout_rooms, grunt_dithmenos_smoke_and_mirrors
D:3:      layout_basic, yredelemnul_forgotten_temple_becter,
          kennysheep_slug_shrine, chequers_temple_overflow_statue_of_worship

Skill      XL: |  1  2  3  4 |
---------------+-------------+-----
Shields        | 4 |  4.3
Fighting       | 4 |  4.2
Axes           | 3 |  3.2
Armour         | |  3.7

Action                   |  1- 3 |  4- 6 || total
-------------------------+-------+-------++-------
Melee: War axe           |    94 |    84 ||   178
  Use: Scroll            |     1 |     2 ||     3
  Eat: Chunk             |       |     5 ||     5
Armor: Scale mail        |    32 |       ||    32
       Chain mail        |    16 |    40 ||    56
Dodge: Dodged            |    28 |    23 ||    51
Block: Shield            |    56 |    37 ||    93

Table legend:
 A = Non-vault XP
 B = Vault XP
 C = Vault XP percentage of total XP
 D = Non-vault monster count
 E = Vault monster count
 F = Vault count percentage of total count
                 A         B        C        D         E       F
            +---------+---------+-------+---------+---------+-------
      Total |     127 |       9 |   6.6 |      57 |       4 |   6.6
            +---------+---------+-------+---------+---------+-------
        D:1 |      55 |       5 |   8.3 |      27 |       3 |  10.0
        D:2 |      37 |       0 |   0.0 |      20 |       0 |   0.0
        D:3 |      35 |       4 |  10.3 |      10 |       1 |   9.1
            +---------+---------+-------+---------+---------+-------
